 Dungeon Crawl Stone Soup version 0.29.1-2-gbd0b4ee654 (webtiles) character file.

Game seed: 15033444633326697868

41713 raph the Arsonist (level 14, 0/82 HPs)
             Began as a Gargoyle Fire Elementalist on Nov 30, 2022.
             Was a High Priest of Vehumet.
             Slain by a spriggan
             ... wielding a +1 rapier of distortion
              (16 damage)
             ... on level 4 of the Lair of Beasts.
             The game lasted 00:32:13 (20702 turns).

raph the Arsonist (Gargoyle Fire Elementalist)     Turns: 20702, Time: 00:32:13

Health: 0/82       AC: 24    Str: 12    XL:     14   Next: 16%
Magic:  8/27       EV: 17    Int: 25    God:    Vehumet [*****.]
Gold:   747        SH:  0    Dex: 10    Spells: 2/32 levels left

rFire   + . .      SeeInvis .   a - staff of fire
rCold   . . .      Faith    .   (no shield)
rNeg    + . .      Spirit   .   v - +2 leather armour "Munic" {Int+4}
rPois   ∞          Reflect  .   n - +0 helmet
rElec   +          Harm     .   K - +2 cloak
rCorr   .          Rampage  .   C - +2 pair of gloves
Will    +....                   c - +1 pair of boots
Stlth   ++........              s - amulet of the acrobat
HPRegen 0.23/turn               e - +4 ring of evasion
MPRegen 0.20/turn               M - ring of wizardry

@: flying
A: sickness immunity, AC +10, big wings, negative energy resistance 1,
electricity resistance, torment resistance 1, petrification resistance
a: Renounce Religion


You were on level 4 of the Lair of Beasts.
You worshipped Vehumet.
Vehumet was extremely pleased with you.
You visited 3 branches of the dungeon, and saw 16 of its levels.

You collected 964 gold pieces.
You spent 217 gold pieces at shops.

Inventory:

Hand Weapons
 f - a +0 great sword of protection
 O - the +6 lajatang of Milurphe {pain, rN+ Stlth+}
   (You acquired it on level 1 of the Lair of Beasts)

   In the hands of one skilled in necromantic magic, it inflicts extra damage on
   living creatures.
   rN:        It protects you from negative energy.
   Stlth:     It makes you more stealthy.
Missiles
 g - 36 poisoned darts
 z - 3 curare-tipped darts
 N - 4 throwing nets
Armour
 c - a +1 pair of boots (worn)
 n - a +0 helmet (worn)
 v - the +2 leather armour "Munic" (worn) {Int+4}
   (You bought it in a shop on level 5 of the Dungeon)

   Int:       It affects your intelligence (+4).
 C - a +2 pair of gloves (worn)
 K - a +2 cloak (worn)
Magical Staves
 a - a staff of fire (weapon)
 A - a staff of conjuration
 Q - a staff of earth
Jewellery
 e - a +4 ring of evasion (left hand)
 o - a ring of fire
 s - an amulet of the acrobat (around neck)
 u - a ring of flight
 y - a ring of resist corrosion
 F - a ring of protection from fire
 M - a ring of wizardry (right hand)
 T - a ring of wizardry
Wands
 j - a wand of charming (11)
 l - a wand of mindburst (7)
 x - a wand of digging (4)
 I - a wand of roots (15)
 U - a wand of flame (7)
 V - a wand of polymorph (4)
Scrolls
 p - 12 scrolls of teleportation
 q - 5 scrolls of silence
 D - a scroll of brand weapon
 E - 2 scrolls of magic mapping
 H - a scroll of fog
 L - 2 scrolls of poison
 P - a scroll of blinking
 S - 2 scrolls of immolation
 X - a scroll of identify
Potions
 b - 2 potions of magic
 d - 5 potions of heal wounds
 h - 2 potions of mutation
 i - 3 potions of brilliance
 k - 7 potions of might
 m - 2 potions of invisibility
 r - 9 potions of curing
 t - 2 potions of resistance
 w - 2 potions of berserk rage
 B - 2 potions of haste
 G - a potion of lignification {unknown}
 J - 4 potions of attraction
 R - 4 potions of flight
 W - a potion of cancellation {unknown}


   Skills:
 + Level 7.5 Fighting
 + Level 6.9 Staves
 + Level 6.0 Dodging
 - Level 2.1 Stealth
 + Level 9.8 Spellcasting
 + Level 11.5 Conjurations
 + Level 14.2 Fire Magic
 + Level 6.5 Poison Magic


You had 2 spell levels left.
You knew the following spells:

 Your Spells              Type           Power      Damage    Failure   Level
a - Foxfire               Conj/Fire      100%       2x1d9     1%          1
b - Scorch                Fire           100%       2d10      1%          2
c - Conjure Flame         Conj/Fire      86%        6-21      1%          3
d - Inner Flame           Hex/Fire       64%        N/A       1%          3
e - Flame Wave            Conj/Fire      86%        2d18      1%          4
f - Fireball              Conj/Fire      43%        3d17      1%          5
g - Call Imp              Summ           12%        N/A       4%          2
h - Ignite Poison         Fire/Tmut/Pois 63%        N/A       1%          3
i - Iskenderun's Mystic   Conj/Tloc      41%        2d9       1%          4
j - Mephitic Cloud        Conj/Pois/Air  42%        N/A       1%          3

Your spell library contained the following spells:

 Spells                   Type           Power      Damage    Failure   Level
 Freezing Cloud           Conj/Ice/Air   15%        6-21      4%          5
 Sting                    Tmut/Pois      100%       1d8       1%          1
 Poisonous Vapours        Pois/Air       56%        N/A       1%          2
 Static Discharge         Conj/Air       41%        3-9/arc   1%          2
 Wereblood                Tmut           12%        N/A       4%          2
 Hailstorm                Conj/Ice       41%        3d10      1%          4
 Olgreb's Toxic Radiance  Pois           44%        N/A       1%          4
 Lightning Bolt           Conj/Air       20%        1d35      1%          5
 Starburst                Conj/Fire      43%        6d12      1%          6
 Gell's Gravitas          Tloc           12%        N/A       8%          3
 Teleport Other           Tloc           12%        N/A       8%          3
 Corpse Rot               Necr/Pois/Air  23%        N/A       11%         4
 Ignition                 Fire           45%        3d13      13%         8
 Ice Form                 Ice/Tmut       12%        N/A       26%         4
 Spellforged Servitor     Conj/Summ      20%        N/A       41%         7
 Dispersal                Tloc           6%         N/A       98%         6
 Simulacrum               Ice/Necr       6%         N/A       98%         6
 Summon Hydra             Summ           6%         N/A       100%        7
 Maxwell's Capacitive Co  Air            6%         ∞         100%        8
 Sublimation of Blood     Necr           Unusable   N/A       N/A         2

Dungeon Overview and Level Annotations

Branches:
Dungeon (10/15)            Temple (1/1) D:6            Lair (5/5) D:8
 Shoals (0/4) Lair:2        Snake (0/4) Lair:3        Slime (0/5) Lair:4
    Orc: D:9-12

Altars:
Ashenzari
Cheibriados
Dithmenos
Elyvilon
Fedhas
Gozag
Hepliaklqana
Kikubaaqudgha
Makhleb
Okawaru
Qazlal
Ru
Sif Muna
Trog
Uskayaw
Vehumet
Wu Jian
Xom
Yredelemnul
Zin
The Shining One
Jiyva

Shops:
D:5 [

Annotations:
D:4 3 runed translucent doors, dweek's ghost, amateur TrFi
D:5 2 runed translucent doors, TrebMcFLY's ghost, novice TrGl
Lair:1 2 transporters


Innate Abilities, Weirdness & Mutations

You are immune to sickness and miasma.
Your stone body is resilient. (AC +10)
You are immune to poison.
Your large and strong wings let you fly.
You resist negative energy. (rN+)
You are resistant to electric shocks. (rElec)
You are resistant to unholy torment.
You are immune to petrification.


Message History

The six-headed hydra is heavily wounded.
The six-headed hydra barely misses you.
The six-headed hydra closely misses you.
The six-headed hydra bites you but does no damage.
The six-headed hydra misses you.
The six-headed hydra bites you but does no damage. x2
Casting: Iskenderun's Mystic Blast (mildly dangerous; 1% risk of failure)
Confirm with . or Enter, or press ? or * to list all spells.
Casting: Flame Wave (safe; 1% risk of failure)
Press: ? - help, Dir - look around, f - activate You feel a surge of power!
A wave of flame ripples out!
The flame wave engulfs the six-headed hydra!
The six-headed hydra is severely wounded. (Press . to intensify the flame waves.)
The six-headed hydra bites you!
The six-headed hydra bites you but does no damage. x3
The six-headed hydra bites you.
The six-headed hydra bites you but does no damage.
A wave of flame ripples out!
The flame wave engulfs the spriggan!
The spriggan is moderately wounded.
The flame wave engulfs the six-headed hydra!!
You kill the six-headed hydra!
Vehumet accepts your kill.
You hear an angry hiss.
The spriggan misses you.
A wave of flame ripples out!
The flame wave engulfs the spriggan!
The spriggan is almost dead.
The spriggan drinks a potion.
The spriggan is healed!
The spriggan hits you but does no damage.
Space warps horribly around you!!
* * * LOW HITPOINT WARNING * * *
A mysterious force pulls you upwards. The hatch slams shut behind you.
Casting: Flame Wave (safe; 1% risk of failure)
Confirm with . or Enter, or press ? or * to list all spells.
You feel a surge of power!
Flames lash the spriggan.
The spriggan is heavily wounded.
The spriggan's fire resistance burns away.
The spriggan hits you but does no damage.
Space warps horribly around you!
You die...

##### ########
###P#P###.^.#..#######
.....................#
.P#.............@...##
.##..#...........i..##
.....#.....#.####....#
..........#### ##..##
..........P######...#
....##............'.#
.....#.....#....###.#
..........P#......'.##
..........P####.#.#..#


You could see a spriggan (combustible).

Vanquished Creatures
  Rupert (Lair:4)
  A ghost moth (shapeshifter) (Lair:5)
  Harold (Lair:1)
  3 hydras
  A two-headed ogre (D:10)
  10 death yaks
  2 thrashing horrors (Lair:5)
  Nergalle (Lair:2)
  An ugly thing (Lair:5)
  A black mamba (Lair:3)
  15 elephants
  A gargoyle (D:10)
  6 cane toads
  5 komodo dragons
  An unseen horror (D:10)
  An ancient zyme (Lair:5)
  4 polar bears
  A troll (D:9)
  3 hornets
  13 dream sheep (Lair:3)
  5 blink frogs
  3 shadows
  A spriggan (Lair:5)
  A ynoxinul (Lair:5)
  6 wyverns
  33 yaks
  2 basilisks
  3 steam dragons
  4 small abominations (Lair:5)
  A naga (Lair:3)
  2 acid dragons (D:10)
  11 water moccasins
  3 orc warriors
  6 black bears
  2 sky beasts
  An ice beast (D:7)
  9 wolves
  6 ogres
  2 centaurs
  A phantom (D:6)
  2 kobold brigands
  16 bullfrogs
  6 scorpions
  A gnoll sergeant (D:9)
  7 wights
  15 killer bees
  3 howler monkeys
  7 orc priests
  4 hounds
  A jelly (D:5)
  Jessica (D:3)
  9 orc wizards
  4 iguanas (D:6)
  11 gnolls
  2 adders
  2 shadow imps
  A white imp (D:5)
  3 ufetubi
  3 worms
  4 dart slugs
  24 orcs
  8 bats
  4 endoplasms
  2 giant cockroaches
  4 goblins
  8 hobgoblins
  3 jackals (D:2)
  6 quokkas
  6 ball pythons
  3 frilled lizards
  10 kobolds
  9 rats
363 creatures vanquished.

Vanquished Creatures (collateral kills)
  2 foxfires
2 creatures vanquished.

Vanquished Creatures (others)
  An orc wizard (D:5)
  617 foxfires
  77 fungi
  80 plants
775 creatures vanquished.

Grand Total: 1140 creatures vanquished

Notes
Turn   | Place    | Note
-------+----------+-------------------------------------------
     0 | D:1      | raph the Gargoyle Fire Elementalist began the quest for the
                  | Orb.
     0 | D:1      | Reached XP level 1. HP: 10/10 MP: 3/3
   630 | D:1      | Reached XP level 2. HP: 12/15 MP: 3/5
   910 | D:2      | Reached skill level 4 in Fire Magic
   913 | D:2      | Learned a level 2 spell: Scorch
   943 | D:2      | Reached XP level 3. HP: 19/19 MP: 1/6
  1089 | D:2      | Found a shimmering altar of Xom.
  1098 | D:2      | Identified a scroll of acquirement
  1098 | D:2      | Acquired a +4 ring of evasion
  1436 | D:2      | Learned a level 3 spell: Conjure Flame
  1987 | D:3      | Reached skill level 5 in Fire Magic
  1987 | D:3      | Reached XP level 4. HP: 16/24 MP: 1/7
  2238 | D:3      | Noticed Jessica
  2240 | D:3      | Killed Jessica
  2452 | D:3      | Reached XP level 5. HP: 28/28 MP: 5/8
  2571 | D:3      | Acquired a book of Fire
  3181 | D:3      | Reached skill level 6 in Fire Magic
  3326 | D:3      | Reached XP level 6. HP: 32/32 MP: 6/9
  3687 | D:4      | Learned a level 3 spell: Inner Flame
  3754 | D:4      | Found a runed translucent gate.
  3754 | D:4      | Found a runed translucent gate.
  3754 | D:4      | Found a runed translucent gate.
  3755 | D:4      | Noticed a water moccasin
  3755 | D:4      | Noticed dweek's ghost (amateur TrFi)
  3931 | D:4      | Reached skill level 7 in Fire Magic
  4416 | D:5      | Entered Level 5 of the Dungeon
  4449 | D:5      | Got the Dissertation on Accompaniment
  4468 | D:5      | Found Getoet Bank's Antique Armour Boutique.
  4485 | D:5      | Bought a fine leather armour for 217 gold pieces
  4485 | D:5      | Identified the +2 leather armour "Munic" {Int+4} (You
                  | bought it in a shop on level 5 of the Dungeon)
  4523 | D:5      | Reached XP level 7. HP: 36/36 MP: 6/10
  4530 | D:5      | Reached skill level 8 in Fire Magic
  4710 | D:5      | Reached skill level 9 in Fire Magic
  4813 | D:5      | Reached XP level 8. HP: 41/41 MP: 3/11
  4914 | D:5      | Acquired a staff of fire
  5072 | D:5      | Found a runed translucent door.
  5127 | D:5      | Noticed TrebMcFLY's ghost (novice TrGl)
  5301 | D:5      | Found a runed translucent door.
  5923 | D:6      | Reached skill level 10 in Fire Magic
  6207 | D:5      | Learned a level 4 spell: Flame Wave
  6611 | D:6      | Identified the +4 chain mail of the Barracuda {rF+}
  6803 | D:6      | Found a staircase to the Ecumenical Temple.
  6813 | Temple   | Entered the Ecumenical Temple
  6943 | Temple   | Became a worshipper of Vehumet
  6966 | D:6      | Reached XP level 9. HP: 41/45 MP: 8/14
  7144 | D:6      | Found a shimmering altar of Xom.
  7145 | D:6      | Found a shimmering altar of Xom.
  7146 | D:6      | Found a shimmering altar of Xom.
  7146 | D:6      | Found a shimmering altar of Xom.
  7148 | D:6      | Found a shimmering altar of Xom.
  7347 | D:6      | Found an iron altar of Okawaru.
  7463 | D:6      | Found a stormy altar of Qazlal.
  7700 | D:6      | Reached skill level 5 in Conjurations
  7832 | D:7      | Noticed a hornet
  7836 | D:7      | Killed a hornet
  7837 | D:7      | Reached skill level 5 in Spellcasting
  7837 | D:7      | Reached skill level 11 in Fire Magic
  7943 | D:7      | Acquired a Young Poisoner's Handbook
  8278 | D:7      | Found a blossoming altar of Fedhas.
  8821 | D:7      | Learned a level 5 spell: Fireball
  8869 | D:7      | Reached XP level 10. HP: 49/50 MP: 0/18
  9164 | D:8      | Reached * piety under Vehumet
  9164 | D:8      | Offered knowledge of Magic Dart by Vehumet.
  9400 | D:8      | Reached skill level 12 in Fire Magic
  9788 | D:8      | Found a staircase to the Lair.
  9806 | D:8      | Found a hide-covered altar of Uskayaw.
 10103 | D:8      | Found a shimmering blue altar of Sif Muna.
 10276 | Lair:1   | Entered Level 1 of the Lair of Beasts
 10340 | D:9      | Found a hazy altar of Hepliaklqana.
 10484 | D:9      | Reached ** piety under Vehumet
 10490 | D:9      | Offered knowledge of Shock by Vehumet.
 10501 | D:9      | Reached XP level 11. HP: 4/54 MP: 5/22
 10744 | D:9      | Learned a level 2 spell: Call Imp
 10940 | D:9      | Identified the +11 halberd of Wu Jian's Esteem {venom,
                  | rPois}
 10948 | D:9      | Reached skill level 1 in Fighting
 11316 | D:9      | Reached skill level 1 in Staves
 11776 | D:10     | Entered Level 10 of the Dungeon
 12063 | D:10     | Acquired a book of Lightning
 12457 | D:10     | Offered knowledge of Ignite Poison by Vehumet.
 12465 | D:10     | Learned a level 3 spell: Ignite Poison
 12490 | D:10     | Identified the +4 war axe "Kurr" {holy, rCorr Str+3}
 12588 | D:10     | Noticed a two-headed ogre
 12592 | D:10     | Killed a two-headed ogre
 12905 | Lair:1   | Acquired the +6 lajatang of Milurphe {pain, rN+ Stlth+}
 12914 | Lair:1   | Reached skill level 1 in Poison Magic
 13087 | Lair:1   | Reached *** piety under Vehumet
 13206 | Lair:1   | Found a transporter.
 13251 | Lair:1   | Found a transporter.
 13265 | Lair:1   | Noticed Harold
 13271 | Lair:1   | Killed Harold
 13272 | Lair:1   | Reached skill level 13 in Fire Magic
 13660 | Lair:2   | Noticed Nergalle
 13676 | Lair:2   | Killed Nergalle
 13677 | Lair:2   | Reached XP level 12. HP: 28/66 MP: 19/24
 14061 | Lair:2   | Noticed a six-headed hydra
 14075 | Lair:2   | Killed a six-headed hydra
 14162 | Lair:2   | You fall into a shaft and drop 2 floors!
 14219 | Lair:4   | Noticed a death yak
 14219 | Lair:4   | Noticed a death yak
 14264 | Lair:3   | Offered knowledge of Iskenderun's Mystic Blast by Vehumet.
 14274 | Lair:3   | Learned a level 4 spell: Iskenderun's Mystic Blast
 14580 | Lair:2   | Found a staircase to the Shoals.
 14809 | Lair:2   | Reached skill level 10 in Conjurations
 14851 | Lair:2   | Reached skill level 5 in Fighting
 15805 | Lair:3   | Found a staircase to the Snake Pit.
 16271 | Lair:3   | Reached skill level 5 in Staves
 16568 | Lair:4   | Noticed a six-headed hydra
 16568 | Lair:4   | Noticed Rupert
 16582 | Lair:4   | Killed a death yak
 16583 | Lair:4   | Reached XP level 13. HP: 58/73 MP: 14/26
 17297 | Lair:4   | Reached **** piety under Vehumet
 17496 | Lair:4   | Killed Rupert
 17665 | Lair:4   | Reached skill level 5 in Dodging
 17665 | Lair:4   | Reached skill level 5 in Poison Magic
 17940 | Lair:4   | Offered knowledge of Mephitic Cloud by Vehumet.
 17945 | Lair:4   | Learned a level 3 spell: Mephitic Cloud
 18296 | Lair:4   | Found a viscous altar of Jiyva.
 18297 | Lair:4   | Found a staircase to the Slime Pits.
 18410 | Lair:5   | Entered Level 5 of the Lair of Beasts
 19054 | Lair:5   | Reached skill level 14 in Fire Magic
 19276 | Lair:5   | Killed a ghost moth
 19282 | Lair:5   | Gained mutation: Your large and strong wings let you fly.
                  | [Gargoyle growth]
 19282 | Lair:5   | Reached XP level 14. HP: 58/82 MP: 3/27
 20259 | Lair:5   | Reached ***** piety under Vehumet
 20499 | Lair:5   | Offered knowledge of Freezing Cloud by Vehumet.
 20702 | Lair:4   | Slain by a spriggan

Illustrated notes

Levels and vault maps discovered:
D:1:      pf_arrival_petrified_forest, layout_loops_ring,
          wander_ebering_terrifying_dragon_lair
D:2:      layout_loops_ring, basic_altar
D:3:      minmay_bubble_buster, layout_basic, kennysheep_generic_room_5,
          uniq_jessica
D:4:      layout_basic, gammafunk_ghost_split, serial_bayou_crossing
D:5:      layout_gridville, ebering_ghost_sewer_f, serial_shops,
          nicolae_shop_statue_plus, kennysheep_windowed_goal
D:6:      layout_rooms, nicolae_qazlal_eye_of_the_storm, xom_redecorated,
          okawaru_gym_becter, minmay_temple_entry_nine_rooms, minmay_holes
D:7:      layout_basic, lemuel_round_altar
D:8:      layout_gridville, eat_drink_and_be_merry_uskayaw,
          nicolae_overflow_hidden_temple, due_lair_maze_entry_diamond,
          kennysheep_nub
D:9:      layout_loops_ring, kennysheep_little_box, enter_bailey_2
D:10:     layout_gridville, grunt_ministairs_13, billiards_dpeg
Temple:   eino_temple_lava
Lair:1:   gammafunk_cloud_chamber, layout_hall_layers, serial_bayou_shore_b,
          uniq_harold
Lair:2:   layout_roguey, shoals_dummy_entry, minivault_23, lemuel_fruit_fields,
          lemuel_fruit_tree, serial_bayou_shore_b, uniq_nergalle
Lair:3:   layout_cave_pods, guppyfry_snake_entry_garden, beast_lair_carwin_2
Lair:4:   layout_regular_city, dpeg_slime_entry_corner, grunt_megastairs_3,
          uniq_rupert
Lair:5:   hellmonk_lair_end_abyssal_woods, layout_regular_city,
          nzn_sisyphean_effort, serial_bayou_shore_b

Skill      XL: |  1  2  3  4  5  6  7  8  9 10 11 12 13 14 |
---------------+-------------------------------------------+-----
Fire Magic     | 4 5 6 7 9 10 11 12 13 14 | 14.2
Conjurations   | 3 6 8 9 10 11 | 11.5
Spellcasting   | 3 5 7 8 9 |  9.8
Fighting       | 3 5 7 |  7.5
Staves         | 3 5 6 |  6.9
Dodging        | 3 4 5 6 |  6.0
Poison Magic   | 2 4 6 |  6.5
Stealth        | |  2.1

Action                   |  1- 3 |  4- 6 |  7- 9 | 10-12 | 13-15 || total
-------------------------+-------+-------+-------+-------+-------++-------
Melee: Great sword       |    24 |    11 |     6 |       |       ||    41
       Unarmed           |     1 |       |       |       |       ||     1
       Staff             |       |       |    15 |    30 |    38 ||    83
Throw: Dart              |       |       |     3 |       |       ||     3
 Cast: Foxfire           |    34 |    70 |   143 |    71 |    40 ||   358
       Scorch            |    16 |    20 |    22 |    63 |    45 ||   166
       Conjure Flame     |       |       |     3 |     5 |       ||     8
       Flame Wave        |       |       |    13 |    36 |    26 ||    75
       Inner Flame       |       |       |     7 |    11 |     2 ||    20
       Fireball          |       |       |       |    43 |    23 ||    66
       Mephitic Cloud    |       |       |       |       |     1 ||     1
       Call Imp          |       |       |       |       |     1 ||     1
       Ignite Poison     |       |       |       |       |     1 ||     1
       Iskenderun's Myst |       |       |       |       |     3 ||     3
Evoke: Wand              |       |       |       |     1 |       ||     1
  Use: Scroll            |     3 |     8 |     8 |     9 |     1 ||    29
       Potion            |     1 |       |     2 |     3 |       ||     6
Armor: Robe              |    18 |    12 |       |       |       ||    30
       Leather armour    |       |       |    50 |    49 |   104 ||   203
Dodge: Dodged            |    29 |    49 |    96 |   128 |   275 ||   577
